 Dungeon Crawl Stone Soup version 0.27-a0-531-gb72ec1a1b6 (webtiles) character file.

Game seed: 2825326651929630648

1014 sahdkjhfkaj the Changer (level 8, -1/72 HPs)
             Began as a Palentonga Transmuter on Mar 6, 2021.
             Slain by an ogre
             ... wielding a +0 giant club
              (24 damage)
             ... on level 4 of the Dungeon.
             The game lasted 00:06:14 (5963 turns).

sahdkjhfkaj the Changer (Palentonga Transmuter)     Turns: 5963, Time: 00:06:20

Health: -1/72      AC: 12    Str: 15    XL:     8   Next: 1%
Magic:  6/11       EV:  9    Int: 14    God:
Gold:   198        SH:  5    Dex: 11    Spells: 2/11 levels left

rFire    . . .     SeeInvis +     - Unarmed
rCold    . . .     Faith    .   (no shield)
rNeg     . . .     Spirit   .   r - +0 ring mail
rPois    +         Reflect  +   (no helmet)
rElec    .         Harm     .   (no cloak)
rCorr    .         Rampage  .   (no gloves)
Will     +....                  (no barding)
Stlth    +.........             o - amulet of reflection
HPRegen  0.22/turn              f - ring of willpower
MPRegen  0.12/turn              p - ring of poison resistance

@: very slightly contaminated, curled up
A: large, rugged brown scales 3, see invisible, deformed body, roll 1, armoured
tail, reflexive curl
a: Rolling Charge


You were on level 4 of the Dungeon.
You visited 1 branch of the dungeon, and saw 4 of its levels.

You collected 198 gold pieces.

Inventory:

Armour
 r - a +0 ring mail (worn)
Jewellery
 f - a ring of willpower (left hand)
 o - an amulet of reflection (around neck)
 p - a ring of poison resistance (right hand)
 s - an amulet of magic regeneration
Scrolls
 b - 7 scrolls of identify {unknown}
 d - 4 scrolls of immolation {unknown}
 e - a scroll of noise {unknown}
 m - 2 scrolls of magic mapping {unknown}
 t - a scroll of teleportation {unknown}
 u - a scroll of fog {unknown}
Potions
 a - a potion of cancellation {unknown}
 c - a potion of heal wounds {unknown}
 g - 4 potions of flight {unknown}
 h - 2 potions of might {unknown}
 i - a potion of mutation {unknown}
 j - 2 potions of lignification {unknown}
 k - 2 potions of haste {unknown}
 l - 3 potions of curing {unknown}
 n - a potion of brilliance {unknown}
 q - a potion of invisibility {unknown}


   Skills:
 - Level 5.0 Fighting
 - Level 3.0 Dodging
 - Level 5.0 Unarmed Combat
 - Level 2.0 Spellcasting
 + Level 5.1 Transmutations
 - Level 1.0 Poison Magic
 - Level 3.0 Invocations


You had 2 spell levels left.
You knew the following spells:

 Your Spells              Type           Power      Damage    Failure   Level
a - Beastly Appendage     Tmut           30%        N/A       5%          1
x - Spider Form           Tmut/Pois      5%         N/A       36%         3
z - Blade Hands           Tmut           7%         N/A       83%         5

Your spell library contained the following spells:

 Spells                   Type           Power      Damage    Failure   Level
 Wereblood                Tmut           15%        N/A       9%          2
 Ice Form                 Ice/Tmut       8%         N/A       85%         4


Dungeon Overview and Level Annotations

Branches:
Dungeon (4/15)
 Temple: D:4-7

Altars:


Innate Abilities, Weirdness & Mutations

You are completely covered in rugged brown scales. (AC +3, +7% HP)
You have supernaturally acute eyesight. (SInv)
Armour fits poorly on your strangely shaped body.
You can roll at nearby foes to attack.
You have a long armoured tail.
You curl defensively after being hit.


Message History

Your transformation is almost over.
Your horns disappear.
Your talons disappear.
An ogre comes into view. It is wielding a +0 giant club.
An ogre is nearby!
Unknown command.
The ogre shouts!
You hear a shout!
There is an open door here.
Casting: Beastly Appendage (safe; 5% risk of failure)
Confirm with . or Enter, or press ? or * to list all spells.
You miscast Spider Form.
You are very lightly contaminated with residual magic.
Nothing appears to happen.
You hit the ogre.
The ogre is moderately wounded.
The ogre hits you with a +0 giant club!
Casting: Spider Form (dangerous; 36% risk of failure)
Confirm with . or Enter, or press ? or * to list all spells.
You turn into a venomous arachnid creature.
Your +0 ring mail melds into your body.
The ogre closely misses you.
You hit the ogre.
The ogre is moderately wounded.
You hit the ogre but do no damage.
The ogre is poisoned.
The ogre is moderately wounded.
The ogre hits you with a +0 giant club!
* * * LOW HITPOINT WARNING * * *
Unknown command.
Your transformation has ended.
Your +0 ring mail unmelds from your body.
The ogre completely misses you.
Unknown command.
Your magical contamination has completely faded away.
There is an open door here.
Found a stone staircase leading up.
Casting: Spider Form (dangerous; 36% risk of failure)
Confirm with . or Enter, or press ? or * to list all spells.
You miscast Beastly Appendage.
You are very lightly contaminated with residual magic.
Nothing appears to happen.
The ogre hits you with a +0 giant club!!
You die...

##.88.###............
.#....'...............
.#'####...............
.#..##................
##.#..##................
#)####.#..............<. #.#
#.#................ # #.#
#.#.................########
#.####.#.......O@................
##....##......>.#................
#######.........##.##########..##
..# ##.######.##.# ###.### ..#
#...........# #..)### ..#
#######.##..## ###.####. ..#
#..#...# #........ ..#
##.#...#####..###### ..##
#.##..)).>...#


You could see an ogre (poisoned).

Vanquished Creatures
  A black bear (D:3)
  3 ogres
  The ghost of Aerich the Conjurer, an amateur VSCj (D:3)
  2 scorpions
  2 orc priests (D:3)
  2 hounds (D:3)
  7 orc wizards
  2 worker ants
  6 adders
  3 oozes
  An adder skeleton (D:4)
  2 worms
  3 dart slugs
  5 leopard geckos
  15 orcs
  9 bats
  5 giant cockroaches
  6 goblins
  12 hobgoblins
  A quokka (D:3)
  4 ball pythons (D:3)
  A ball python skeleton (D:4)
  5 frilled lizards
  8 kobolds
  8 rats
114 creatures vanquished.

Notes
Turn   | Place    | Note
-------+----------+-------------------------------------------
     0 | D:1      | sahdkjhfkaj the Palentonga Transmuter began the quest for
                  | the Orb.
     0 | D:1      | Reached XP level 1. HP: 17/17 MP: 3/3
   379 | D:1      | Reached XP level 2. HP: 21/24 MP: 5/5
  1190 | D:1      | Reached XP level 3. HP: 29/29 MP: 4/6
  1951 | D:2      | Noticed an ogre
  1956 | D:2      | Killed an ogre
  1957 | D:2      | Reached skill level 5 in Unarmed Combat
  1957 | D:2      | Reached XP level 4. HP: 30/39 MP: 5/7
  1957 | D:2      | Reached XP level 5. HP: 36/47 MP: 5/8
  2116 | D:2      | Learned a level 3 spell: Spider Form
  2498 | D:3      | Reached skill level 1 in Poison Magic
  3067 | D:3      | Reached XP level 6. HP: 37/54 MP: 7/9
  3891 | D:3      | Noticed Aerich's ghost (amateur VSCj)
  3892 | D:3      | Found a runed translucent door.
  3905 | D:3      | Killed Aerich's ghost
  3906 | D:3      | Reached skill level 5 in Transmutations
  4291 | D:3      | Gained mutation: You curl defensively after being hit.
                  | [Palentonga growth]
  4291 | D:3      | Reached XP level 7. HP: 31/62 MP: 6/10
  4960 | D:3      | Reached skill level 1 in Invocations
  5166 | D:4      | Learned a level 5 spell: Blade Hands
  5361 | D:4      | Identified the +8 chain mail of Miriemy {rN+ Dex+7}
  5780 | D:4      | Reached skill level 5 in Fighting
  5780 | D:4      | Reached XP level 8. HP: 6/72 MP: 9/11
  5963 | D:4      | Slain by an ogre

Illustrated notes

Levels and vault maps discovered:
D:1:      saegor_arrival_miasma, layout_basic
D:2:      layout_basic
D:3:      minmay_skewed_foursquare, layout_basic, gammafunk_ghost_grave,
          kennysheep_minor_cross
D:4:      minmay_chambers_of_fours, layout_rooms

Skill      XL: |  1  2  3  4  5  6  7 |
---------------+----------------------+-----
Unarmed Combat | 4 5 |  5.0
Fighting       | 2 3 5 |  5.0
Poison Magic   | 1 |  1.0
Transmutations | 3 5 |  5.1
Dodging        | 3 |  3.0
Invocations    | 3 |  3.0
Spellcasting   | |  2.0

Action                   |  1- 3 |  4- 6 |  7- 9 || total
-------------------------+-------+-------+-------++-------
Melee: Unarmed           |   108 |   122 |   115 ||   345
       Kick              |    25 |    15 |    18 ||    58
       Tailslap          |     4 |     9 |    12 ||    25
       Headbutt          |     9 |     9 |     4 ||    22
       Punch             |       |     1 |     1 ||     2
 Cast: Beastly Appendage |    28 |    27 |    10 ||    65
       Spider Form       |       |    11 |     5 ||    16
 Abil: Rolling Charge    |       |     2 |       ||     2
       End Transformatio |       |     1 |     2 ||     3
 Stab: Sleeping          |     1 |       |       ||     1
Armor: Robe              |    33 |    29 |       ||    62
       Ring mail         |       |       |    32 ||    32
Dodge: Dodged            |    50 |    78 |    52 ||   180
Block: Other             |       |     9 |    21 ||    30
       Reflection        |       |       |     2 ||     2

Table legend: (Time is in decaauts)
 A = Elapsed time spent in this place.
 B = Non-inter-level travel time spent in this place.
 C = Inter-level travel time spent in this place.
 D = Time resting spent in this place.
 E = Time spent auto-exploring this place.
 F = Levels seen in this place.
 G = Mean time per level.
                   A        B        C        D        E       F      G
               +--------+--------+--------+--------+--------+-----+--------+
         Total |   5937 |   5853 |     84 |      0 |   5042 |   4 | 1484.2 |
       Dungeon |   5937 |   5853 |     84 |      0 |   5042 |   4 | 1484.2 |
               +--------+--------+--------+--------+--------+-----+--------+

Top non-repeatable levels by time:
     D:3: 2618 daAuts
     D:1: 1301 daAuts
     D:2: 1026 daAuts
     D:4: 991 daAuts
